AoeStats
← cmd

Arabia

503457336Analyzed
3v3 RM · 1mo ago on Aug 31, 2026· 45m 30s· 6 players
Game mode
Random Map
Map size
Normal (6 player)
Population
200
Speed
Normal
Resources
Standard
Victory
Conquest
Starting age
Dark Age
Ending age
Imperial Age
RankedLock teamsTeams togetherTeam positionsShared explorationLock speedFull tech treeHidden civsTurbo modeCheats
Victory
Defeat
🇲🇽 Lithuanians · Mexico
967
+15
🇸🇪 Wei · Sweden
958
+15
🇮🇹 Sicilians · Italy
938
+16
🇩🇪 Burmese · Germany
977
-17
🇩🇪 Inca · Germany
950
-16
🇩🇪 Mongols · Germany
906
-14
forestero
11:06 Feudal Age
16:49 Castle Age
15:04 Horse Collar
17:13 Double-Bit Axe
17:17 Loom
19:57 Gold Mining
22:06 Town Watch
23:38 Bow Saw
24:14 Wheelbarrow
23:54 Fletching
25:39 Forging
26:37 Stone Mining
26:59 Scale Mail Armor
29:44 Hand Cart
31:04 Squires
30:49 Arson
30:25 Pikeman
32:24 First Crusade
33:08 Iron Casting
32:49 Chain Mail Armor
32:30 Bodkin Arrow
37:31 Imperial Age
37:42 Elite Serjeant
38:47 Conscription
39:31 Blast Furnace
39:01 Plate Mail Armor
38:33 Bracer
38:52 Heavy Plow
39:54 Caravan
40:14 Murder Holes
40:05 Arrowslits
41:21 Chemistry
41:19 Ballistics
41:46 Halberdier
43:34 Padded Archer Armor
Smet
3:38 Loom
10:50 Feudal Age
11:52 Double-Bit Axe
12:50 Wheelbarrow
13:44 Horse Collar
19:28 Bloodlines
21:07 Scale Barding Armor
21:13 Forging
24:45 Castle Age
23:31 Stone Mining
23:39 Gold Mining
25:40 Bow Saw
25:06 Light Cavalry
25:46 Husbandry
26:36 Heavy Plow
27:15 Iron Casting
27:01 Chain Barding Armor
30:43 Gold Shaft Mining
30:44 Stone Shaft Mining
32:17 Hand Cart
33:32 Fletching
33:42 Padded Archer Armor
35:43 Leather Archer Armor
37:32 Bodkin Arrow
39:04 Thumb Ring
41:33 Elite Skirmisher
carloslicear
9:05 Feudal Age
9:31 Double-Bit Axe
9:30 Horse Collar
15:25 Loom
18:24 Castle Age
21:45 Gold Mining
23:26 Husbandry
23:36 Bloodlines
23:49 Bloodlines
25:50 Wheelbarrow
26:05 Scale Barding Armor
33:16 Fletching
36:09 Imperial Age
34:24 Hand Cart
39:05 Imperial Age
39:16 Imperial Age
36:42 Pikeman
40:31 Conscription
45:08 Cavalier
46:19 Forging
cmd
12:04 Loom
13:49 Feudal Age
18:16 Castle Age
17:32 Fletching
17:30 Double-Bit Axe
17:28 Horse Collar
17:42 Gold Mining
17:42 Stone Mining
19:51 Bow Saw
21:03 Bodkin Arrow
21:08 Padded Archer Armor
22:02 Pikeman
27:32 Thumb Ring
27:48 Leather Archer Armor
45:33 Imperial Age
helo
7:40 Loom
10:12 Feudal Age
15:13 Double-Bit Axe
17:45 Horse Collar
23:28 Castle Age
24:28 Thumb Ring
24:38 Champi Runner
26:38 Fletching
26:49 Padded Archer Armor
27:20 Gold Mining
27:31 Heavy Plow
28:52 Gold Shaft Mining
28:43 Bodkin Arrow
28:17 Crossbowman
30:20 Wheelbarrow
30:04 Champi Warrior
34:46 Hand Cart
35:35 Squires
35:21 Arson
36:39 Elite Skirmisher
43:42 Imperial Age
noname
8:15 Loom
10:15 Feudal Age
13:06 Fletching
14:44 Horse Collar
18:59 Wheelbarrow
23:53 Castle Age
21:56 Gold Mining
24:33 Bloodlines
24:31 Scale Barding Armor
24:37 Forging
24:50 Crossbowman
25:28 Bodkin Arrow
26:39 Husbandry
29:43 Chain Barding Armor
30:00 Iron Casting
30:42 Town Watch
31:12 Heavy Plow
32:44 Sanctity
32:36 Fervor
33:35 Padded Archer Armor
36:56 Redemption
39:44 Imperial Age
37:30 Hand Cart
40:56 Elite Battle Elephant
Connection lost

Rejoining the realm…

Still unreachable

The connection could not be restored.

Session expired

The server has moved on; the page needs a fresh start.